 Dungeon Crawl Stone Soup version 0.29-a0-1047-g7c58e119a4 (webtiles) character file.

Game seed: 4683688751149553292

19038 ytrimaz the Fighter (level 12, -3/126 HPs)
             Began as a Demonspawn Transmuter on Aug 17, 2022.
             Slain by a cane toad (12 damage)
             ... on level 2 of the Lair of Beasts.
             The game lasted 00:17:30 (15791 turns).

ytrimaz the Fighter (Demonspawn Transmuter)        Turns: 15791, Time: 00:17:31

Health: -3/126     AC:  7    Str: 11    XL:     12   Next: 33%
Magic:  18/18      EV: 14    Int: 19    God:
Gold:   1782       SH:  0    Dex: 14    Spells: 7/20 levels left

rFire   . . .      SeeInvis .     - Unarmed
rCold   + + +      Faith    .   (shield currently unavailable)
rNeg    . . .      Spirit   .   (body armour currently unavailable)
rPois   +          Reflect  .   (helmet currently unavailable)
rElec   .          Harm     .   (cloak currently unavailable)
rCorr   .          Rampage  .   (gloves currently unavailable)
Will    .....                   (boots currently unavailable)
Stlth   +.........              f - amulet of magic regeneration
HPRegen 0.31/turn               e - ring of protection from fire
MPRegen 0.56/turn               g - ring of wizardry

@: ice-form
A: freezing attack, amphibious, boosted hp, large, rugged brown scales 2, ignite
blood 2, powered by pain 2, (weakness stinger 1)
a: End Transformation


You were on level 2 of the Lair of Beasts.
You were a creature of crystalline ice.
You visited 3 branches of the dungeon, and saw 13 of its levels.
You also visited: Sewer and Ossuary.

You collected 1782 gold pieces.

Inventory:

Missiles
 b - a throwing net
Armour
 y - a +2 hat of intelligence (melded)
 A - +1 steam dragon scales (melded)
Jewellery
 e - a ring of protection from fire (left front paw)
 f - an amulet of magic regeneration (around neck)
 g - a ring of wizardry (right front paw)
 j - a ring of magical power
 m - an amulet of the acrobat
 o - a ring of ice
 v - an amulet of faith
 x - a +6 ring of strength
Wands
 a - a wand of polymorph (5)
 c - a wand of mindburst (9)
 z - a wand of acid (5)
Scrolls
 d - 2 scrolls of noise
 h - 2 scrolls of amnesia
 i - 2 scrolls of brand weapon
 n - a scroll of fog
 w - a scroll of vulnerability
Potions
 k - 5 potions of magic
 l - 4 potions of curing
 p - 2 potions of resistance
 q - 2 potions of brilliance {unknown}
 r - 3 potions of cancellation
 s - 2 potions of might
 t - 2 potions of attraction {unknown}
 C - a potion of mutation {unknown}
Miscellaneous
 B - a lightning rod (4/4)


   Skills:
 + Level 11.4 Fighting
 - Level 10.0 Dodging
 - Level 10.0 Unarmed Combat
 + Level 4.6 Spellcasting
 + Level 4.3 Transmutations
 - Level 4.0 Ice Magic
 - Level 4.0 Poison Magic


You had 7 spell levels left.
You knew the following spells:

 Your Spells              Type           Power      Damage    Failure   Level
a - Beastly Appendage     Tmut           42%        N/A       1%          1
b - Wereblood             Tmut           21%        N/A       1%          2
c - Spider Form           Tmut/Pois      20%        N/A       2%          3
d - Ice Form              Ice/Tmut       20%        N/A       9%          4
e - Ozocubu's Armour      Ice            19%        N/A       3%          3

Your spell library contained the following spells:

 Spells                   Type           Power      Damage    Failure   Level
 Foxfire                  Conj/Fire      16%        2x1d4     5%          1
 Sublimation of Blood     Necr           4%         N/A       9%          2
 Conjure Flame            Conj/Fire      4%         6-21      16%         3
 Inner Flame              Hex/Fire       4%         N/A       16%         3
 Summon Ice Beast         Ice/Summ       11%        N/A       22%         4
 Flame Wave               Conj/Fire      4%         2d5       45%         4
 Summon Mana Viper        Hex/Summ       4%         N/A       78%         5
 Monstrous Menagerie      Summ           2%         N/A       100%        7
 Ozocubu's Refrigeration  Ice            9%         4d9       100%        7
 Summon Hydra             Summ           2%         N/A       100%        7


Dungeon Overview and Level Annotations

Branches:
Dungeon (10/15)            Temple (1/1) D:4            Lair (2/5) D:10
  Sewer (visited)         Ossuary (visited)
  Swamp: Lair:2-3    Shoals: Lair:2-3     Snake: Lair:2-3    Spider: Lair:2-3
    Orc: D:9-12

Altars:
Ashenzari
Cheibriados
Dithmenos
Fedhas
Gozag
Hepliaklqana
Kikubaaqudgha
Makhleb
Nemelex Xobeh
Okawaru
Qazlal
Ru
Sif Muna
Trog
Uskayaw
Vehumet
Wu Jian
Xom
Yredelemnul

Annotations:
D:3 1 runed translucent door, flotson's ghost, weakling DsDe
D:7 1 runed translucent door, Crazy Yiuf


Innate Abilities, Weirdness & Mutations

You are a creature of crystalline ice.
You have a powerful freezing melee attack.
You are amphibious.
Your maximum health is increased.
Your armour is entirely melded.
You are incapable of wielding weapons or throwing items.
(You are mostly covered in rugged brown scales. (AC +2, +5% HP))
Your demonic aura often causes spilled blood to erupt in flames.
You sometimes gain power by taking damage.
((You have a small tail.))


Message History

The bolt of electricity misses you. x2; The elephant tramples the plant!
The elephant trunk-slaps the plant.
The elephant tramples the plant!
The elephant trunk-slaps the plant.
An elephant comes into view.
The water moccasin hisses angrily.
The elephant trumpets! x2
You hit the cane toad but do no damage.
A nearby plant withers and dies.
The electric eel shoots out a bolt of lightning at you!
The bolt of electricity hits you! x2
An elephant comes into view.
The cane toad stings you!! 2 electric eels come into view.
The elephant trumpets!
The electric eel shoots out a bolt of lightning at you!
The bolt of electricity hits the plant!
The plant begins to die.
The bolt of electricity hits the plant!!
The plant begins to die.
The bolt of electricity hits you.
* * * LOW HITPOINT WARNING * * *
Unknown command.
A nearby plant withers and dies.
The electric eel shoots out a bolt of lightning at you!
The bolt of electricity hits you!
* * * LOW HITPOINT WARNING * * *
The cane toad barely misses you.
The elephant tramples the plant!
The plant begins to die.
The elephant trunk-slaps the plant.
The cane toad attacks as you move away! The cane toad barely misses you.
The elephant tramples the plant!
The plant begins to die.
The elephant trunk-slaps the plant.
You see here a water moccasin corpse.
Unknown command.
Okay, then.
As you read the scroll of fog, it crumbles to dust.
The scroll dissolves into smoke.
The cane toad closely misses you.
The electric eel shoots out a bolt of lightning at you!
The bolt of electricity hits you!
* * * LOW HITPOINT WARNING * * *
The water moccasin bites you!
* * * LOW HITPOINT WARNING * * *
The elephant tramples the plant!!
The elephant trunk-slaps the plant.
The cane toad stings you!
You die...

~P~~~P... ...
~~~P~~~...##..#
≈~YYP~~...#...##
≈SYP~~P..##....# ###
≈≈PP~Y...P#...## ?#
≈≈SP~P...##....####.##
≈~~~~~P§Y.#..#.......#
≈~~~PP..F#§.....#)##P##
~~S~~~..YY§§..P##.#...#
~~~P~PS.S§°..#####....#
P~~~~~~§.§§...# #....####
♣#....#...#<...##.#...#.P#
♣#......#.}...#####.)..##
#....P#.##...## #......
##..#####....# #[..... ...
..... ##PP... ####..


You could see 4 elephants, a cane toad, a water moccasin and 3 electric eels.

Vanquished Creatures
  Gastronok (D:9)
  A boulder beetle (Lair:1)
  A two-headed ogre (D:10)
  Nergalle (Lair:2)
  Amaemon (Lair:2)
  5 elephants (Lair:1)
  Joseph (Lair:1)
  An orange demon (Lair:2)
  Maggie (D:7)
  A komodo dragon (Lair:2)
  2 cane toads (Lair:1)
  2 hornets
  A wraith (D:9)
  5 wyverns
  34 yaks
  3 basilisks
  3 vampire mosquitoes (D:10)
  2 steam dragons
  2 acid dragons (D:9)
  9 water moccasins
  2 black bears
  A sky beast (D:8)
  4 orc warriors
  Pargi (Sewer)
  6 centaurs
  A kobold brigand (D:10)
  11 bullfrogs
  3 elf zombies (Ossuary)
  A scorpion (D:10)
  9 wights
  6 killer bees (D:9)
  A howler monkey (D:10)
  2 centaur zombies (Ossuary)
  A human zombie (Ossuary)
  2 hounds
  3 gnoll boudas
  2 orc priests (D:7)
  A jelly (D:6)
  5 iguanas
  6 orc wizards
  2 mummies (Ossuary)
  14 gnolls
  7 adders
  A white imp (D:8)
  An ufetubus (D:6)
  2 worms
  2 dart slugs
  32 orcs
  5 ball pythons
  8 endoplasms
  6 giant cockroaches
  3 gnoll zombies (Ossuary)
  2 goblins
  5 hobgoblins
  A jackal (D:2)
  5 quokkas
  7 bats
  5 frilled lizards
  2 goblin zombies (Ossuary)
  13 kobolds
  3 orc zombies (Ossuary)
  8 rats
279 creatures vanquished.

Vanquished Creatures (others)
  4 fungi
  18 plants
22 creatures vanquished.

Grand Total: 301 creatures vanquished

Notes
Turn   | Place    | Note
-------+----------+-------------------------------------------
     0 | D:1      | ytrimaz the Demonspawn Transmuter began the quest for the
                  | Orb.
     0 | D:1      | Reached XP level 1. HP: 15/15 MP: 3/3
   426 | D:1      | Gained mutation: Your demonic aura sometimes causes spilled
                  | blood to erupt in flames. [demonic ancestry]
   426 | D:1      | Reached XP level 2. HP: 14/21 MP: 1/5
  1272 | D:2      | Reached XP level 3. HP: 26/26 MP: 3/6
  1380 | D:2      | Learned a level 3 spell: Spider Form
  1428 | D:2      | Learned a level 2 spell: Wereblood
  2687 | D:3      | Found a faded altar of an unknown god.
  2827 | D:3      | Reached XP level 4. HP: 28/33 MP: 5/7
  3033 | D:3      | Reached skill level 2 in Fighting
  3294 | D:3      | Found a runed translucent door.
  3294 | D:3      | Noticed flotson's ghost (weakling DsDe)
  4000 | D:4      | Reached skill level 1 in Poison Magic
  4000 | D:4      | Gained mutation: You are partially covered in rugged brown
                  | scales. (AC +1, +3% HP) [demonic ancestry]
  4000 | D:4      | Reached XP level 5. HP: 27/39 MP: 6/8
  4254 | D:4      | Found a staircase to the Ecumenical Temple.
  4267 | Temple   | Entered the Ecumenical Temple
  4711 | D:5      | Entered Level 5 of the Dungeon
  5008 | D:5      | Reached skill level 5 in Unarmed Combat
  5069 | D:5      | Gained mutation: Your demonic aura often causes spilled
                  | blood to erupt in flames. [demonic ancestry]
  5069 | D:5      | Reached XP level 6. HP: 41/45 MP: 3/9
  5097 | D:5      | Found a sand-covered staircase.
  5099 | D:5      | Noticed a yak
  5099 | D:5      | Noticed a yak
  5102 | D:5      | Noticed a yak
  5113 | Ossuary  | Entered an ossuary
  5269 | Ossuary  | Gained mutation: You are mostly covered in rugged brown
                  | scales. (AC +2, +5% HP) [demonic ancestry]
  5269 | Ossuary  | Reached XP level 7. HP: 21/52 MP: 8/10
  5558 | Ossuary  | Learned a level 4 spell: Ice Form
  5742 | D:5      | Noticed a yak
  5744 | D:5      | Noticed a yak
  5761 | D:5      | Killed a yak
  5765 | D:5      | Noticed a yak
  5767 | D:5      | Killed a yak
  5774 | D:5      | Killed a yak
  5775 | D:5      | Gained mutation: You sometimes gain a little power by
                  | taking damage. [demonic ancestry]
  5775 | D:5      | Reached XP level 8. HP: 40/58 MP: 4/11
  6522 | D:6      | Found a glowing drain.
  6552 | Sewer    | Entered a sewer
  6650 | Sewer    | Noticed Pargi
  6665 | Sewer    | Killed Pargi
  7663 | D:7      | Reached skill level 10 in Unarmed Combat
  7663 | D:7      | Gained mutation: You sometimes gain power by taking damage.
                  | [demonic ancestry]
  7663 | D:7      | Reached XP level 9. HP: 64/64 MP: 8/12
  7708 | D:7      | Noticed Maggie
  7737 | D:7      | Killed Maggie
  8018 | D:7      | Reached skill level 5 in Dodging
  8227 | D:7      | Reached skill level 3 in Fighting
  8354 | D:7      | Found a burning altar of Makhleb.
  8835 | D:7      | Reached skill level 4 in Fighting
  9062 | D:7      | Found a runed translucent door.
  9063 | D:7      | Noticed Crazy Yiuf
  9384 | D:8      | Reached skill level 1 in Ice Magic
  9780 | D:8      | Gained mutation: You have a small tail. [demonic ancestry]
  9780 | D:8      | Reached XP level 10. HP: 74/76 MP: 7/13
 10182 | D:8      | Reached skill level 5 in Fighting
 10467 | D:8      | Found a sacrificial altar of Ru.
 11354 | D:9      | Found a sparkling altar of Nemelex Xobeh.
 11355 | D:9      | Noticed Gastronok
 11374 | D:9      | Killed Gastronok
 11508 | D:9      | Reached skill level 6 in Fighting
 11962 | D:9      | Reached XP level 11. HP: 44/85 MP: 14/14
 12434 | D:9      | Identified a scroll of acquirement
 12486 | D:10     | Entered Level 10 of the Dungeon
 12486 | D:10     | Found a blossoming altar of Fedhas.
 12524 | D:10     | Found a staircase to the Lair.
 12587 | D:10     | Reached skill level 10 in Dodging
 12602 | D:10     | Reached skill level 7 in Fighting
 13049 | D:10     | Noticed a two-headed ogre
 13063 | D:10     | Killed a two-headed ogre
 13064 | D:10     | Reached skill level 8 in Fighting
 13273 | D:10     | Reached skill level 9 in Fighting
 13501 | D:10     | Reached skill level 10 in Fighting
 13787 | D:9      | Learned a level 3 spell: Ozocubu's Armour
 14135 | D:10     | Found a broken altar of Ashenzari.
 14139 | D:10     | Found a shimmering blue altar of Sif Muna.
 14142 | D:10     | Found a bloodstained altar of Trog.
 14143 | D:10     | Found a shimmering altar of Xom.
 14261 | D:10     | Acquired 875 gold pieces
 14266 | Lair:1   | Entered Level 1 of the Lair of Beasts
 14318 | Lair:1   | Noticed Joseph
 14339 | Lair:1   | Killed Joseph
 14641 | Lair:1   | Reached XP level 12. HP: 23/103 MP: 12/16
 14645 | Lair:1   | Reached skill level 11 in Fighting
 15076 | Lair:1   | Noticed a boulder beetle
 15094 | Lair:1   | Killed a boulder beetle
 15752 | Lair:2   | Noticed Nergalle
 15758 | Lair:2   | Killed Nergalle
 15763 | Lair:2   | Noticed Amaemon
 15770 | Lair:2   | Killed Amaemon
 15791 | Lair:2   | Slain by a cane toad

Illustrated notes

Levels and vault maps discovered:
D:1:      dpeg_arrival_boxorama, layout_loops_ring
D:2:      layout_basic, st_stairs_1, kennysheep_boxes
D:3:      layout_basic, ebering_ghost_inner_flame, shapermc_ecumenical_altar_gd
D:4:      layout_cave_pools, minmay_temple_entry_butterflies
D:5:      layout_basic, enter_ossuary_2, minmay_crystal_water
D:6:      layout_rooms, cheibrodos_sewer_entry_drain
D:7:      layout_rooms, mainiacjoe_overflow_catwalk, uniq_crazy_yiuf_cottage,
          uniq_maggie
D:8:      layout_loops_cross, mainiacjoe_overflow_surrounded_room
D:9:      layout_irregular_city, mainiacjoe_overflow_alcove_2,
          serial_column_ruins, column_ruins_hut, column_ruins_courtyard_long,
          column_ruins_open_tiny, column_ruins_open_tiny,
          column_ruins_open_tiny, column_ruins_open_small,
          column_ruins_corridor_straight, column_ruins_open_tiny, uniq_gastronok
D:10:     layout_big_octagon, mainiacjoe_overflow_alcove_3,
          fedhas_bush_and_centaur_altar, minmay_lair_entry_grove
Temple:   nicolae_temple_great_sept
Lair:1:   layout_loops_ring, uniq_joseph
Lair:2:   gammafunk_indiana_jones, layout_concentric_octagons,
          minmay_swamp_entry_worms, nicolae_spider_entry_tight_spaces,
          gauntlet_entry_generic, hibernation_bobbens, serial_bayou_shore_a,
          uniq_erica, uniq_nergalle, uniq_amaemon

Skill      XL: |  1  2  3  4  5  6  7  8  9 10 11 12 |
---------------+-------------------------------------+-----
Unarmed Combat | 3 4 5 6 7 10 | 10.0
Dodging        | 2 3 7 9 10 | 10.0
Fighting       | 2 4 6 10 11 | 11.4
Poison Magic   | 1 2 3 4 |  4.0
Ice Magic      | 1 4 |  4.0
Transmutations | 2 4 |  4.3
Spellcasting   | 3 4 |  4.6

Action                   |  1- 3 |  4- 6 |  7- 9 | 10-12 || total
-------------------------+-------+-------+-------+-------++-------
Melee: Unarmed           |   117 |   188 |   220 |   321 ||   846
       Kick              |    17 |    22 |     7 |       ||    46
       Headbutt          |    11 |    10 |     2 |       ||    23
       Punch             |       |     4 |     4 |       ||     8
       Tailslap          |       |       |       |     2 ||     2
 Cast: Beastly Appendage |    43 |    20 |     4 |       ||    67
       Spider Form       |       |     4 |    24 |     6 ||    34
       Wereblood         |       |     4 |    10 |    12 ||    26
       Ice Form          |       |       |     6 |    38 ||    44
       Ozocubu's Armour  |       |       |       |     1 ||     1
  Use: Scroll            |     9 |     2 |     6 |     8 ||    25
       Potion            |       |     1 |     5 |     5 ||    11
 Stab: Sleeping          |     2 |     1 |       |       ||     3
       Invisible         |       |       |     2 |       ||     2
Armor: Robe              |    37 |    70 |    20 |       ||   127
       Skin              |       |    29 |    18 |    80 ||   127
       Steam dragon scal |       |       |       |     3 ||     3
Dodge: Dodged            |    67 |   179 |   233 |   257 ||   736

Table legend: (Time is in decaauts)
 A = Elapsed time spent in this place.
 B = Non-inter-level travel time spent in this place.
 C = Inter-level travel time spent in this place.
 D = Time resting spent in this place.
 E = Time spent auto-exploring this place.
 F = Levels seen in this place.
 G = Mean time per level.
                   A        B        C        D        E       F      G
               +--------+--------+--------+--------+--------+-----+--------+
         Total |  15638 |  15264 |    374 |   2420 |  10459 |  15 | 1042.5 |
       Dungeon |  13038 |  12688 |    350 |   1637 |   9163 |  10 | 1303.8 |
        Temple |     85 |     75 |     10 |      0 |     63 |   1 |   85.0 |
          Lair |   1489 |   1475 |     14 |    385 |    861 |   2 |  744.5 |
         Sewer |    466 |    466 |      0 |    100 |    303 |   1 |  466.0 |
       Ossuary |    557 |    557 |      0 |    296 |     69 |   1 |  557.0 |
               +--------+--------+--------+--------+--------+-----+--------+

Top non-repeatable levels by time:
     D:9: 2235 daAuts
     D:8: 1597 daAuts
  Lair:1: 1424 daAuts
     D:3: 1406 daAuts
     D:7: 1313 daAuts
     D:2: 1266 daAuts
     D:1: 1239 daAuts
     D:5: 1206 daAuts
    D:10: 1152 daAuts
     D:6: 920 daAuts
     D:4: 698 daAuts
 Ossuary: 557 daAuts
   Sewer: 466 daAuts
  Temple: 85 daAuts
  Lair:2: 64 daAuts
